 Dungeon Crawl Stone Soup version 0.19-a0-1007-g133f65f (webtiles) character file.

156873 Implojin the Warrior (level 16, -12/160 HPs)
             Began as a Minotaur Fighter on July 20, 2016.
             Was an Elder of Okawaru.
             Mangled by an acid blob (33 damage)
             ... created by the Royal Jelly
             ... on level 5 of the Pits of Slime.
             The game lasted 01:19:19 (6097 turns).

Implojin the Warrior (Minotaur Fighter)             Turns: 6097, Time: 01:19:19

Health: -12/160    AC:  6    Str: 24    XL:     16   Next: 49%
Magic:  12/21      EV: 17    Int:  8    God:    Okawaru [****..]
Gold:   12         SH: 12    Dex: 15    Spells: 0 memorised, 15 levels left

rFire  . . .     SeeInvis +       - Unarmed
rCold  + . .     Gourm    .     r - +0 pearl dragon armour
rNeg   + . .     Faith    .     n - +0 shield {rC+}
rPois  .         Spirit   .     v - +1 hat {Int+3}
rElec  .         Dismiss  .     l - +2 cloak {MR+}
rCorr  .         Reflect  .     R - +1 pair of gloves of the Komtur {+Fly Str+3}
SustAt .         Harm     .     D - +2 pair of boots {Stlth+}
MR     ++...                    y - amulet of regeneration
Stlth  +.........               z - +4 ring of slaying
                                x - ring of see invisible

@: finesse, corroded, very slightly contaminated, very resistant to hostile
enchantments, very unstealthy
A: retaliatory headbutt, horns 2, weak 1
a: Heroism, Renounce Religion, Evoke Flight
}: 2/15 runes: barnacled, gossamer


You were on level 5 of the Pits of Slime.
You worshipped Okawaru.
Okawaru was greatly pleased with you.
You were full.

You visited 6 branches of the dungeon, and saw 30 of its levels.
You visited the Abyss 1 time.
You also visited: Ice Cave.

You collected 367 gold pieces.
You spent 355 gold pieces at shops.

Inventory:

Hand Weapons
 t - a +3 scimitar of flaming
 G - a +0 broad axe of distortion
Missiles
 k - 20 javelins of penetration
 u - 9 silver javelins
 w - 16 javelins of returning (quivered)
 B - 3 poisoned javelins
 F - 34 javelins
 X - 6 throwing nets
Armour
 l - a +2 cloak of magic resistance (worn)
 n - a +0 shield of cold resistance (worn)
 p - the +1 pair of gloves "Gitreid" {Dex+2}
   (Okawaru gifted it to you on level 4 of the Abyss)

   It affects your dexterity (+2).
 r - a +0 pearl dragon armour (worn)
 s - a +0 cloak of poison resistance
 v - a +1 hat of intelligence (worn)
 C - a +2 plate armour of poison resistance
 D - a +2 pair of boots of stealth (worn)
 E - a +0 pair of boots
 J - the +0 pair of gloves of Kuzipt {rPois Dex-5 Slay+2 Stlth+}
   (Okawaru gifted it to you on level 3 of the Lair of Beasts)

   It affects your dexterity (-5).
   It affects your accuracy and damage with ranged weapons and melee attacks
   (+2).
   It protects you from poison.
   It makes you more stealthy.
 K - a +0 large shield
 L - a +3 scale mail of magic resistance
 N - a +0 pair of gloves of dexterity
 R - the +1 pair of gloves of the Komtur (worn) {+Fly Str+3}
   (You found it on level 3 of the Shoals)

   It affects your strength (+3).
   It lets you fly.
 Y - a +1 ring mail of magic resistance
Jewellery
 m - an uncursed ring of protection from fire
 x - a ring of see invisible (left hand)
 y - an amulet of regeneration (around neck)
 z - a +4 ring of slaying (right hand)
 M - a +4 ring of intelligence
 Q - a cursed amulet of inaccuracy {unknown}
 S - an uncursed ring of positive energy
 V - an uncursed ring of sustain attributes
Wands
 a - a wand of flame (32/48)
 j - a wand of slowing (21/48)
 A - a wand of digging (10/24)
Scrolls
 e - a scroll of noise
 h - 2 scrolls of remove curse
 H - a scroll of enchant armour
Potions
 o - a potion of brilliance
 O - a potion of cancellation {unknown}
 T - 2 potions of heal wounds
 U - a potion of ambrosia
Miscellaneous
 Z - a lamp of fire
Comestibles
 b - a slice of pizza
 d - 4 bread rations
 f - a beef jerky
 g - 2 meat rations
 q - a royal jelly


   Skills:
 - Level 19.0 Fighting
 - Level 12.2 Armour
 - Level 12.5 Dodging
 - Level 10.3 Shields
 * Level 17.4 Unarmed Combat
 - Level 8.0 Invocations
 - Level 2.2 Evocations


You had 15 spell levels left.
You didn't know any spells.

Dungeon Overview and Level Annotations

Branches:
Dungeon (11/15)            Temple (1/1) D:7            Lair (5/6) D:11
 Shoals (4/4) Lair:2       Spider (4/4) Lair:3        Slime (5/5) Lair:5
    Orc (0/2) D:9

Altars:
Ashenzari
Cheibriados
Dithmenos
Fedhas
Gozag
Kikubaaqudgha
Makhleb
Nemelex Xobeh
Okawaru
Pakellas
Ru
Vehumet
Zin
The Shining One

Shops:
D:9 [(

Annotations:
D:10 exclusion: orange crystal statue
Lair:4 exclusion: oklob plant
Spider:1 Arachne
Slime:3 !watch out for the acid blob staircamping on slime:2
Slime:5 Royal Jelly


Innate Abilities, Weirdness & Mutations

You reflexively headbutt those who attack you in melee.
You have a pair of horns on your head.
You are weak. (Str -2)


Message History

You block the acid blob's attack.
You hit the acid blob. The acid corrodes you!
Your hands burn!
The acid blob is lightly wounded.
Your pearl dragon armour prevents you from hitting the acid blob.
The acid blob is lightly wounded.
The acid blob closely misses you. You furiously retaliate!
You headbutt the acid blob. You pummel the acid blob!!
Your hands burn!
You headbutt the acid blob.
The acid blob is moderately wounded.
The acid blob spits acid at you. The splash of acid hits you!
The acid corrodes you!
The acid burns!
* * * LOW HITPOINT WARNING * * *
The acid blob jiggles.
A slime creature comes into view.
Unknown command.
You punch the acid blob!
Your hands burn!
* * * LOW HITPOINT WARNING * * *
The acid blob is moderately wounded.
Unknown command.
You feel much better.
You feel like a meek peon again. The acid blob hits you!!
* * * LOW HITPOINT WARNING * * *
You are splashed with acid!
The acid corrodes you!
The acid burns!
* * * LOW HITPOINT WARNING * * *
The acid blob hits you!!!
* * * LOW HITPOINT WARNING * * *
You are splashed with acid!
The acid burns!
* * * LOW HITPOINT WARNING * * *
The acid blob spits acid at you. The splash of acid hits you!
* * * LOW HITPOINT WARNING * * *
The acid corrodes you!
The acid burns!
* * * LOW HITPOINT WARNING * * *
The golden eye blinks at you.
You are confused.
The acid blob closely misses you. The acid blob barely misses you.
You feel better. You block the acid blob's attack.
The golden eye blinks!
The acid blob hits you!!
You die...

.................
................
##..............
#..............
###............
##............
#.............
#######J............
#JJ@#JJ............
G.JJJ§#JJJ##...........
#..## ######......... #
#......... #.........
......... .......


You could see 6 acid blobs, 2 slime creatures and a golden eye.

Vanquished Creatures
  Nikola (Spider:1)
  3 acid blobs
  Frances (Spider:1)
  A tentacled starspawn (Abyss:4)
  Gastronok (D:8)
  Kirke (Spider:4)
  Ilsuiw (Shoals:4)
  A frost giant (Shoals:4)
  5 ghost moths
  Louise (Spider:1)
  8 emperor scorpions
  3 entropy weavers
  A death ooze (Slime:1)
  4 merfolk javelineers (Shoals:4)
  10 merfolk impalers
  Harold (Lair:2)
  Erica (D:8)
  A great orb of eyes (Slime:3)
  A merfolk aquamancer (Shoals:4)
  6 death yaks (Lair:5)
  A satyr (Shoals:2)
  3 merfolk avatars (Shoals:4)
  A dancing weapon (Abyss:4)
  A hell hog (Abyss:4)
  3 hell knights (Abyss:4)
  2 wretched stars (Abyss:4)
  10 sea snakes
  An unseen horror (D:10)
  A hill giant (D:10)
  A large abomination (Abyss:4)
  4 harpies (Shoals:4)
  Pikel (D:8)
  2 necromancers (Abyss:4)
  8 wolf spiders
  2 shining eyes
  8 ugly things (Spider:1)
  2 orb spiders
  2 hornets
  2 cyclopes
  An elephant (shapeshifter) (Abyss:4)
  3 griffons
  4 fauns (Shoals:2)
  6 sirens
  2 worldbinders (Abyss:4)
  5 manticores
  A moth of wrath (Spider:4)
  5 elephants (Lair:4)
  A guardian serpent (Abyss:4)
  Maurice (D:8)
  A torpor snail (Spider:3)
  A smoke demon (Abyss:4)
  3 water nymphs (Shoals:4)
  2 gargoyles
  4 demonic crawlers
  19 merfolk
  13 jumping spiders
  A wind drake (Shoals:3)
  45 slime creatures
  12 raiju
  3 snapping turtles
  50 redbacks
  12 yaks
  6 water elementals
  13 tarantellas
  A wyvern (Lair:4)
  A neqoxec (Abyss:4)
  2 hippogriffs (Lair:4)
  Edmund (D:6)
  2 hell hounds (D:11)
  6 water moccasins
  3 porcupines
  A slave (D:8)
  A black bear (D:11)
  A phantom (D:9)
  A sky beast (D:5)
  2 centaurs
  An ogre (D:6)
  8 wolves
  4 crocodiles
  3 giant frogs
  4 wights (D:9)
  An electric eel (Spider:4)
  3 crimson imps
  3 centaur zombies
  A centaur skeleton (D:7)
  2 jellies (Lair:5)
  2 orc priests
  An iguana (Lair:3)
  2 orc wizards
  A hell rat (Lair:3)
  A worker ant (D:8)
  9 sheep
  A killer bee zombie (D:6)
  A hound skeleton (D:3)
  4 gnolls (D:10)
  2 adders
  15 river rats
  5 oozes
  A worm (D:3)
  2 giant geckos
  15 orcs
  A giant cockroach (D:1)
  2 jackals (D:9)
  4 kobolds
  3 bats
  A giant gecko skeleton (D:6)
  A giant newt (D:3)
  3 rats (Lair:3)
  2 starspawn tentacles (Abyss:4)
452 creatures vanquished.

Vanquished Creatures (others)
  An orb spider (Spider:4)
  A jumping spider (Spider:3)
  A human (Spider:4)
  A giant frog (D:8)
  2 river rats (Lair:2)
  2 fungi (Lair:4)
  A plant (Lair:4)
  7 starspawn tentacles
16 creatures vanquished.

Grand Total: 468 creatures vanquished

Notes
Turn   | Place    | Note
-------+----------+-------------------------------------------
     0 | D:1      | Implojin the Minotaur Fighter began the quest for the Orb.
     0 | D:1      | Reached XP level 1. HP: 19/19 MP: 0/0
    95 | D:2      | Reached skill level 3 in Unarmed Combat
    95 | D:2      | Reached XP level 2. HP: 14/26 MP: 1/1
   187 | D:3      | Reached XP level 3. HP: 11/31 MP: 2/2
   253 | D:3      | Reached skill level 4 in Unarmed Combat
   348 | D:5      | Entered Level 5 of the Dungeon
   394 | D:5      | Noticed a sky beast
   404 | D:5      | Killed a sky beast
   404 | D:5      | Reached skill level 5 in Unarmed Combat
   404 | D:5      | Reached XP level 4. HP: 25/39 MP: 3/3
   425 | D:5      | Reached XP level 5. HP: 32/45 MP: 4/4
   429 | D:5      | Reached skill level 6 in Unarmed Combat
   739 | D:6      | Noticed an ogre
   745 | D:6      | Killed an ogre
   745 | D:6      | Reached skill level 7 in Unarmed Combat
   745 | D:6      | Reached XP level 6. HP: 51/51 MP: 5/5
   782 | D:6      | Noticed Edmund
   800 | D:6      | Killed Edmund
   880 | D:7      | Reached skill level 8 in Unarmed Combat
   922 | D:7      | Found a staircase to the Ecumenical Temple.
   931 | Temple   | Entered the Ecumenical Temple
   974 | Temple   | Became a worshipper of Warmaster Okawaru
  1062 | D:7      | Reached XP level 7. HP: 53/57 MP: 6/6
  1076 | D:8      | Noticed Erica
  1080 | D:8      | Noticed Pikel
  1089 | D:8      | Killed Erica
  1089 | D:8      | Reached * piety under Okawaru
  1089 | D:8      | Reached ** piety under Okawaru
  1089 | D:8      | Reached skill level 11 in Unarmed Combat
  1089 | D:8      | Reached XP level 8. HP: 52/64 MP: 7/7
  1099 | D:8      | Killed Pikel
  1099 | D:8      | Reached *** piety under Okawaru
  1099 | D:8      | Reached skill level 5 in Fighting
  1124 | D:8      | Noticed Gastronok
  1140 | D:8      | Killed Gastronok
  1140 | D:8      | Received a gift from Okawaru
  1140 | D:8      | Reached **** piety under Okawaru
  1140 | D:8      | Reached skill level 14 in Unarmed Combat
  1140 | D:8      | Reached XP level 9. HP: 63/74 MP: 5/8
  1166 | D:8      | Noticed Maurice
  1209 | D:8      | Killed Maurice
  1209 | D:8      | Reached ***** piety under Okawaru
  1209 | D:8      | Reached skill level 6 in Fighting
  1255 | D:8      | Reached skill level 7 in Fighting
  1327 | D:9      | Found Ycwy Ewo's Weapon Shop.
  1327 | D:9      | Found a staircase to the Orcish Mines.
  1327 | D:9      | Found Serihesu's Armour Shop.
  1336 | D:9      | Received a gift from Okawaru
  1336 | D:9      | Reached XP level 10. HP: 32/88 MP: 6/9
  1373 | D:9      | Bought a +0 pair of boots for 49 gold pieces
  1418 | D:10     | Entered Level 10 of the Dungeon
  1517 | D:9      | Reached skill level 8 in Fighting
  1531 | D:9      | Bought a +0 shield of cold resistance for 126 gold pieces
  1581 | D:10     | Noticed a gargoyle
  1587 | D:10     | Killed a gargoyle
  1596 | D:10     | Noticed an unseen horror
  1597 | D:10     | Killed an unseen horror
  1597 | D:10     | Received a gift from Okawaru
  1597 | D:10     | Reached skill level 9 in Fighting
  1613 | D:10     | Noticed a hill giant
  1626 | D:10     | Reached skill level 10 in Fighting
  1646 | D:10     | Reached skill level 11 in Fighting
  1650 | D:10     | Killed a hill giant
  1671 | D:10     | Noticed an orange crystal statue
  1703 | D:11     | Reached skill level 12 in Fighting
  1708 | D:11     | Found a shadowy altar of Dithmenos.
  1714 | D:11     | Noticed a cyclops
  1716 | D:11     | Reached skill level 1 in Invocations
  1721 | D:11     | Killed a cyclops
  1721 | D:11     | Reached skill level 2 in Invocations
  1724 | D:11     | Reached skill level 3 in Invocations
  1724 | D:11     | Reached XP level 11. HP: 80/104 MP: 7/12
  1756 | D:11     | Reached skill level 4 in Shields
  1769 | D:11     | Found a staircase to the Lair.
  1790 | D:11     | Reached skill level 5 in Shields
  1801 | Lair:1   | Entered Level 1 of the Lair of Beasts
  1863 | Lair:4   | Reached skill level 6 in Shields
  1871 | Lair:4   | Received a gift from Okawaru
  1983 | Lair:4   | Found an oddly glowing altar of Pakellas.
  1983 | Lair:4   | Noticed an oklob plant
  2008 | Lair:4   | Reached skill level 7 in Shields
  2023 | Lair:4   | Reached skill level 8 in Shields
  2043 | Lair:4   | Reached skill level 9 in Shields
  2193 | Lair:4   | Got an encrusted ring mail
  2383 | Lair:3   | Received a gift from Okawaru
  2384 | Lair:3   | Got a pair of transparent gloves {god gift}
  2403 | Lair:3   | Found a hole to the Spider Nest.
  2427 | Lair:3   | Identified the +0 pair of gloves of Kuzipt {rPois Dex-5 Slay+2 Stlth+} (Okawaru gifted it to you on level 3 of the Lair of Beasts)
  2449 | Lair:3   | Identified the +4 ring mail "Peerin" {rN++} (You found it on level 4 of the Lair of Beasts)
  2460 | Spider:1 | Entered Level 1 of the Spider Nest
  2460 | Spider:1 | Noticed a wolf spider
  2467 | Spider:1 | Killed a wolf spider
  2467 | Spider:1 | Reached skill level 10 in Shields
  2470 | Spider:1 | Reached skill level 4 in Armour
  2476 | Spider:1 | Reached skill level 5 in Armour
  2506 | Spider:1 | Noticed Nikola
  2514 | Spider:1 | :rip
  2514 | Spider:1 | :should have read teleport
  2519 | Spider:1 | Killed Nikola
  2519 | Spider:1 | Reached skill level 8 in Armour
  2519 | Spider:1 | Reached XP level 12. HP: 16/112 MP: 5/13
  2558 | Spider:1 | Reached skill level 9 in Armour
  2569 | Spider:2 | Noticed Arachne
  2569 | Spider:2 | Noticed an emperor scorpion
  2606 | Spider:1 | Reached skill level 10 in Armour
  2622 | Spider:1 | Reached skill level 11 in Armour
  2644 | Spider:1 | Found a frozen archway.
  2653 | IceCv    | Entered an ice cave
  2675 | Spider:1 | Noticed Frances
  2687 | Spider:1 | Killed Frances
  2687 | Spider:1 | Received a gift from Okawaru
  2687 | Spider:1 | Reached skill level 12 in Armour
  2693 | Spider:1 | Reached skill level 1 in Dodging
  2722 | Spider:1 | Noticed Louise
  2734 | Spider:1 | Killed Louise
  2734 | Spider:1 | Reached skill level 4 in Dodging
  2755 | Spider:1 | Reached skill level 5 in Dodging
  2869 | Spider:2 | Killed an emperor scorpion
  2869 | Spider:2 | Reached skill level 6 in Dodging
  2880 | Spider:3 | Noticed an entropy weaver
  2898 | Spider:3 | Killed an entropy weaver
  2898 | Spider:3 | Reached skill level 7 in Dodging
  2903 | Spider:3 | Reached XP level 13. HP: 69/118 MP: 3/14
  2928 | Spider:3 | Noticed a ghost moth
  2936 | Spider:3 | Killed a ghost moth
  2936 | Spider:3 | Reached skill level 8 in Dodging
  2950 | Spider:3 | Noticed an entropy weaver
  2965 | Spider:3 | Killed an entropy weaver
  2965 | Spider:3 | Reached skill level 9 in Dodging
  2977 | Spider:3 | Noticed an emperor scorpion
  3020 | Spider:3 | Killed an emperor scorpion
  3020 | Spider:3 | Received a gift from Okawaru
  3020 | Spider:3 | Reached ****** piety under Okawaru
  3024 | Spider:4 | Entered Level 4 of the Spider Nest
  3043 | Spider:4 | Reached skill level 10 in Dodging
  3095 | Spider:4 | Noticed an entropy weaver
  3128 | Spider:4 | Killed an entropy weaver
  3128 | Spider:4 | Reached skill level 11 in Dodging
  3230 | Spider:4 | Noticed Kirke
  3255 | Spider:4 | Killed Kirke
  3255 | Spider:4 | Received a gift from Okawaru
  3255 | Spider:4 | Reached skill level 12 in Dodging
  3268 | Spider:4 | Noticed an emperor scorpion
  3286 | Spider:4 | Killed an emperor scorpion
  3286 | Spider:4 | Reached skill level 4 in Invocations
  3337 | Spider:4 | Reached skill level 5 in Invocations
  3396 | Spider:4 | Noticed an emperor scorpion
  3418 | Spider:4 | Killed an emperor scorpion
  3418 | Spider:4 | Reached skill level 6 in Invocations
  3432 | Spider:4 | Reached XP level 14. HP: 82/126 MP: 4/17
  3450 | Spider:4 | Noticed a ghost moth
  3451 | Spider:4 | Noticed a ghost moth
  3502 | Spider:4 | Reached skill level 7 in Invocations
  3515 | Spider:4 | Killed a ghost moth
  3518 | Spider:4 | Noticed a ghost moth
  3519 | Spider:4 | Noticed an emperor scorpion
  3526 | Spider:4 | Killed a ghost moth
  3526 | Spider:4 | Reached skill level 8 in Invocations
  3555 | Spider:4 | Killed an emperor scorpion
  3568 | Spider:4 | Noticed an emperor scorpion
  3584 | Spider:4 | Killed a ghost moth
  3589 | Spider:4 | Noticed an emperor scorpion
  3594 | Spider:4 | Killed an emperor scorpion
  3594 | Spider:4 | Reached skill level 13 in Fighting
  3601 | Spider:4 | Noticed an emperor scorpion
  3613 | Spider:4 | Killed an emperor scorpion
  3627 | Spider:4 | Killed an emperor scorpion
  3627 | Spider:4 | Received a gift from Okawaru
  3644 | Spider:4 | Noticed a ghost moth
  3652 | Spider:4 | Killed a ghost moth
  3654 | Spider:4 | Reached skill level 14 in Fighting
  3682 | Spider:4 | Got a gossamer rune of Zot
  3938 | Lair:2   | Noticed Harold
  3958 | Lair:2   | Killed Harold
  3992 | Lair:2   | Found a staircase to the Shoals.
  4007 | Shoals:1 | Entered Level 1 of the Shoals
  4060 | Shoals:2 | Received a gift from Okawaru
  4064 | Shoals:2 | Reached skill level 15 in Fighting
  4162 | Shoals:3 | :5 EV for rpois
  4162 | Shoals:3 | :hum
  4175 | Shoals:3 | :i might regret this
  4262 | Shoals:3 | Got a pair of jewelled gloves
  4266 | Shoals:3 | Reached skill level 16 in Fighting
  4287 | Shoals:3 | Identified the +1 pair of gloves of the Komtur {+Fly Str+3} (You found it on level 3 of the Shoals)
  4322 | Shoals:3 | Reached skill level 1 in Evocations
  4324 | Shoals:4 | Entered Level 4 of the Shoals
  4324 | Shoals:4 | Noticed Ilsuiw
  4382 | Shoals:4 | Reached skill level 2 in Evocations
  4423 | Shoals:4 | Reached XP level 15. HP: 123/144 MP: 18/20
  4549 | Shoals:4 | Killed Ilsuiw
  4549 | Shoals:4 | Reached skill level 15 in Unarmed Combat
  4671 | Shoals:4 | Received a gift from Okawaru
  4790 | Shoals:4 | Reached skill level 16 in Unarmed Combat
  4861 | Shoals:4 | Received a gift from Okawaru
  4938 | Shoals:4 | Noticed a frost giant
  4953 | Shoals:4 | Killed a frost giant
  4973 | Shoals:4 | Reached skill level 17 in Unarmed Combat
  4996 | Shoals:4 | Got a barnacled rune of Zot
  5086 | Lair:2   | :okay
  5086 | Lair:2   | :no rcorr
  5086 | Lair:2   | :rc+
  5086 | Lair:2   | :dig
  5086 | Lair:2   | :fly
  5086 | Lair:2   | :5086 turns, 2 runes
  5086 | Lair:2   | :vaults seems probably slow
  5086 | Lair:2   | :slime seems a little dangerous
  5086 | Lair:2   | :abyss
  5086 | Lair:2   | :+fly +regen
  5086 | Lair:2   | but could turnfuck me
  5264 | D:9      | Bought a +0 broad axe of distortion for 180 gold pieces
  5273 | D:9      | Cast into level 4 of the Abyss (a distortion unwield)
  5280 | Abyss:4  | :abyss enter something like ~5260
  5305 | Abyss:4  | Found a corrupted altar of Lugonu.
  5317 | Abyss:4  | Gained mutation: You are weak. (Str -2) [mutagenic glow]
  5319 | Abyss:4  | Found a corrupted altar of Lugonu.
  5396 | Abyss:4  | Received a gift from Okawaru
  5397 | Abyss:4  | Got a pair of translucent gloves {god gift}
  5435 | Abyss:4  | Noticed a tentacled starspawn
  5443 | Abyss:4  | Reached skill level 17 in Fighting
  5470 | Abyss:4  | Killed a tentacled starspawn
  5493 | Abyss:4  | Reached XP level 16. HP: 55/155 MP: 3/21
  5496 | Abyss:4  | Noticed a tentacled starspawn
  5499 | Abyss:4  | Noticed a tentacled starspawn
  5500 | D:9      | Escaped the Abyss
  5510 | D:9      | :well;
  5686 | Lair:5   | Found a staircase to the Slime Pits.
  5766 | Lair:5   | Identified the +1 pair of gloves "Gitreid" {Dex+2} (Okawaru gifted it to you on level 4 of the Abyss)
  5777 | Slime:1  | Entered Level 1 of the Pits of Slime
  5786 | Slime:1  | Reached skill level 18 in Fighting
  5882 | Slime:2  | Noticed an acid blob
  5954 | Slime:4  | Noticed an acid blob
  5981 | Slime:4  | Killed an acid blob
  5986 | Slime:4  | Reached skill level 19 in Fighting
  5997 | Slime:5  | Entered Level 5 of the Pits of Slime
  6009 | Slime:5  | Noticed an acid blob
  6017 | Slime:5  | Noticed an acid blob
  6024 | Slime:5  | Killed an acid blob
  6024 | Slime:5  | Received a gift from Okawaru
  6039 | Slime:5  | Killed an acid blob
  6064 | Slime:5  | Noticed the Royal Jelly
  6087 | Slime:5  | Noticed an acid blob
  6088 | Slime:5  | Noticed an acid blob
  6089 | Slime:5  | Noticed an acid blob
  6090 | Slime:5  | Noticed an acid blob
  6091 | Slime:5  | Noticed an acid blob
  6097 | Slime:5  | Mangled by an acid blob

Vault maps used:
D:1:      nicolae_arrival_somewhat_less_tricky_arrival, solitary_fountain,
          serial_bayou_pond_b, minivault_24, minmay_tree_intersection
D:2:      kennysheep_goblin_castle
D:3:      kennysheep_generic_room_6
D:4:      minitemple, serial_shops, shop, serial_park_tiny_2
D:5:      serial_shops, kennysheep_little_box, first_bread,
          kennysheep_generic_room_9
D:6:      overflow_temple_1_default, uniq_edmund
D:7:      grunt_livestock
D:8:      serial_shops, nicolae_shop_waterfront, minivault_27, uniq_pikel,
          uniq_gastronok, uniq_erica, uniq_maurice
D:9:      elyvilon_altar_3, orc_david_3, kennysheep_generic_room_15
D:10:     minivault_16
D:11:     minmay_lair_entry_lava, serial_shops, shop, hangedman_decor_points,
          hangedman_weighted_door, eino_small_chamber_without_monster,
          nicolae_dithmenos_shadow_blocks, uniq_grum, uniq_sonja
Temple:   zaba_magenta_temple
Lair:1:   special_room, grunt_forest_large_clearings,
          infiniplex_staircase_pool_2
Lair:2:   minmay_shoals_entry_lonely_mermaid, uniq_harold, uniq_fannar
Lair:3:   kennysheep_abandoned_house, spider_nest_entry_a, st_stairs_12,
          uniq_nergalle
Lair:4:   enter_volcano_2, ldierk_geyser, lemuel_oklob_altar
Lair:5:   nicolae_slime_entry_slimehenge, serial_bayou_shore_a,
          grunt_megastairs_4, serial_bayou_shore_b
Shoals:4: shoals_end_grunt_ice, shoals_ilsuiw_ice, abandoned_shop
Spider:1: portal_ice_cave_entry_ugly_swarm, uniq_frances, uniq_louise,
          uniq_nikola
Spider:2: hangedman_creepy_crawlies, spider_trap, uniq_donald, uniq_arachne,
          uniq_azrael
Spider:4: grunt_spider_rune_circles, uniq_kirke
Slime:2:  nicolae_slime_welcoming_committee
Slime:3:  cheibrodos_slime_lost_civilization_7
Abyss:4:  nicolae_abyss_rune_left_handed, hangedman_shadowy_showcase
IceCv:    ice_cave_tombish

Skill      XL: |  1  2  3  4  5  6  7  8  9 10 11 12 13 14 15 16 |
---------------+-------------------------------------------------+-----
Unarmed Combat | 3 5 7 8 11 14 17 | 17.4
Fighting       | 5 7 12 16 17 19 | 19.0
Invocations    | 3 6 8 |  8.0
Shields        | 10 | 10.3
Armour         | 8 12 | 12.2
Dodging        | 7 12 | 12.5
Evocations     | 2 |  2.2

Action                   |  1- 3 |  4- 6 |  7- 9 | 10-12 | 13-15 | 16-18 || total
-------------------------+-------+-------+-------+-------+-------+-------++-------
Melee: Unarmed           |    73 |    68 |    69 |   335 |   830 |   247 ||  1622
       Headbutt          |    11 |    14 |    18 |    76 |   198 |    90 ||   407
Throw: Javelin           |       |       |       |    13 |    16 |     2 ||    31
Invok: Heroism           |       |       |     8 |    26 |    44 |     9 ||    87
       Finesse           |       |       |       |     6 |    21 |     6 ||    33
 Abil: Evoke Flight      |       |       |       |       |     4 |       ||     4
Evoke: Wand              |       |       |       |       |     3 |     1 ||     4
  Use: Potion            |     1 |       |     4 |     1 |     4 |     6 ||    16
       Scroll            |       |     8 |       |     7 |    10 |     7 ||    32
  Eat: Chunk             |       |     1 |     1 |     3 |     8 |       ||    13
       Beef jerky        |       |       |       |     2 |       |       ||     2
       Bread ration      |       |       |       |       |     2 |       ||     2
Armor: Scale mail        |    28 |     3 |       |       |       |       ||    31
       Chain mail        |       |    37 |       |       |       |       ||    37
       Plate armour      |       |     1 |    11 |   131 |       |       ||   143
       Pearl dragon armo |       |       |       |    21 |   218 |    28 ||   267
Dodge: Dodged            |    13 |    16 |     8 |    74 |   370 |    69 ||   550
Block: Shield            |    45 |    36 |    13 |   174 |   447 |    73 ||   788

Table legend:
 A = Turns spent in this place as a percentage of turns spent in the entire game.
 B = Non-inter-level travel turns spent in this place as a percentage of non-inter-level travel turns spent in the entire game.
 C = Inter-level travel turns spent in this place as a percentage of turns spent in this place.
 D = Turns resting spent in this place as a percentage of non-inter-level travel turns spent in this place.
 E = Turns spent auto-exploring this place as a percentage of non-inter-level travel turns spent in this place.
 F = Non-inter-level travel turns spent in this place divided by the number of levels of this place that you've seen.
                   A       B       C       D       E      F
               +-------+-------+-------+-------+-------+----------------------
         Total | 100.0 | 100.0 |   0.0 |   0.1 |   0.0 | 202.8
       Dungeon |  30.2 |  30.2 |   0.0 |   0.0 |   0.0 | 178.4
        Temple |   1.0 |   1.0 |   0.0 |   0.0 |   0.0 |  62.0
          Lair |  17.3 |  17.3 |   0.0 |   0.0 |   0.0 | 224.0
        Shoals |  17.0 |  17.0 |   0.0 |   0.0 |   0.0 | 275.2
   Spider Nest |  24.0 |  24.0 |   0.0 |   0.3 |   0.0 | 388.8
    Slime Pits |   5.9 |   5.9 |   0.0 |   0.0 |   0.0 |  76.6
         Abyss |   4.5 |   4.5 |   0.0 |   0.0 |   0.0 | 292.0
      Ice Cave |   0.2 |   0.2 |   0.0 |   0.0 |   0.0 |  16.0
               +-------+-------+-------+-------+-------+----------------------

Table legend:
 A = Kills in this place as a percentage of kills in entire the game.
 B = Kills by you in this place as a percentage of kills by you in the entire game.
 C = Kills by friends in this place as a percentage of kills by friends in the entire game.
 D = Other kills in this place as a percentage of other kills in the entire game.
 E = Experience gained in this place as a percentage of experience gained in the entire game.
 F = Experience gained in this place divided by the number of levels of this place that you have seen.
                   A       B       C       D       E      F
               +-------+-------+-------+-------+-------+----------------------
         Total | 100.0 | 100.0 |  -nan | 100.0 | 100.0 | 5753.3
       Dungeon |  19.5 |  19.6 |  -nan |   0.0 |   7.2 | 1197.5
          Lair |  15.7 |  15.6 |  -nan |  50.0 |   6.9 | 2536.2
        Shoals |  20.0 |  20.0 |  -nan |   0.0 |  28.4 | 13069.0
   Spider Nest |  27.3 |  27.2 |  -nan |  50.0 |  36.4 | 16751.0
    Slime Pits |  11.5 |  11.6 |  -nan |   0.0 |  12.9 | 4754.4
         Abyss |   6.0 |   6.0 |  -nan |   0.0 |   8.3 | 15200.0
               +-------+-------+-------+-------+-------+----------------------
